 Dungeon Crawl Stone Soup version 0.29-a0-352-g0917bc69df (webtiles) character file.

Game seed: 17734078015175356838

2070 101zpm the Magician (level 9, -5/65 HPs)
             Began as a Gnoll Air Elementalist on Apr 24, 2022.
             Slain by a wraith (11 damage)
             ... on level 7 of the Dungeon.
             The game lasted 00:20:35 (9624 turns).

101zpm the Magician (Gnoll Air Elementalist)        Turns: 9624, Time: 00:20:36

Health: -5/65      AC:  5    Str:  7    XL:     9   Next: 26%
Magic:  10/18      EV: 14    Int: 19    God:
Gold:   260        SH:  0    Dex: 13    Spells: 11/21 levels left

rFire   . . .      SeeInvis .   y - +5 battleaxe
rCold   . . .      Faith    .   (shield currently unavailable)
rNeg    + . .      Spirit   .   a - +0 robe
rPois   +          Reflect  .   (no helmet)
rElec   .          Harm     .   (no cloak)
rCorr   .          Rampage  .   s - +2 pair of gloves
Will    .....                   (no boots)
Stlth   +++.......              h - amulet of the acrobat
HPRegen 0.20/turn               i - ring of positive energy
MPRegen 0.16/turn               p - ring of poison resistance

@: slowed, very slow
A: fangs 1, strong nose, distributed training
a: no special abilities


You were on level 7 of the Dungeon.
You visited 2 branches of the dungeon, and saw 8 of its levels.

You collected 260 gold pieces.

Inventory:

Hand Weapons
 y - a +5 battleaxe (weapon)
Armour
 a - a +0 robe (worn)
 s - a +2 pair of gloves (worn)
Magical Staves
 m - a staff of conjuration
 v - a staff of earth
Jewellery
 h - an amulet of the acrobat (around neck)
 i - a ring of positive energy (left hand)
 p - a ring of poison resistance (right hand)
 w - a ring of fire
Scrolls
 c - a scroll of torment {unknown}
 f - 2 scrolls of blinking
 g - 3 scrolls of amnesia
 j - a scroll of vulnerability {unknown}
 k - 3 scrolls of noise
 n - a scroll of holy word {unknown}
 o - 2 scrolls of teleportation {unknown}
 t - 2 scrolls of immolation {unknown}
 u - 2 scrolls of fog
Potions
 d - 3 potions of heal wounds {unknown}
 e - 2 potions of attraction {unknown}
 l - a potion of flight {unknown}
 q - 3 potions of curing {unknown}
 r - a potion of mutation {unknown}
 x - a potion of might {unknown}


   Skills:
 + Level 4.0 Fighting
 + Level 4.0 Short Blades
 + Level 4.0 Long Blades
 + Level 4.0 Axes
 + Level 4.0 Maces & Flails
 + Level 4.0 Polearms
 + Level 4.0 Staves
 + Level 4.0 Slings
 + Level 4.0 Bows
 + Level 4.0 Crossbows
 + Level 4.0 Throwing
 + Level 4.0 Armour
 + Level 6.2 Dodging
 + Level 5.9 Stealth
 + Level 4.0 Shields
 + Level 4.0 Unarmed Combat
 + Level 6.5 Spellcasting
 + Level 4.0 Conjurations
 + Level 3.3 Hexes
 + Level 3.3 Summonings
 + Level 3.3 Necromancy
 + Level 3.3 Translocations
 + Level 3.3 Transmutations
 + Level 3.3 Fire Magic
 + Level 3.3 Ice Magic
 + Level 6.4 Air Magic
 + Level 3.3 Earth Magic
 + Level 3.3 Poison Magic
 + Level 4.5 Invocations
 + Level 4.0 Evocations


You had 11 spell levels left.
You knew the following spells:

 Your Spells              Type           Power      Damage    Failure   Level
a - Shock                 Conj/Air       100%       1d9       1%          1
b - Static Discharge      Conj/Air       26%        N/A       1%          2
c - Swiftness             Air            30%        N/A       2%          3
d - Airstrike             Air            15%        N/A       8%          4

Your spell library contained the following spells:

 Spells                   Type           Power      Damage    Failure   Level
 Blink                    Tloc           36%        N/A       4%          2
 Mephitic Cloud           Conj/Pois/Air  23%        N/A       4%          3
 Conjure Flame            Conj/Fire      20%        6-21      7%          3
 Gell's Gravitas          Tloc           18%        N/A       9%          3
 Ignite Poison            Fire/Tmut/Pois 18%        N/A       9%          3
 Lesser Beckoning         Tloc           18%        N/A       9%          3
 Teleport Other           Tloc           18%        N/A       9%          3
 Sticky Flame             Conj/Fire      20%        2d4       22%         4
 Manifold Assault         Tloc           18%        N/A       58%         5
 Dispersal                Tloc           9%         N/A       99%         6
 Enfeeble                 Hex            9%         N/A       100%        7
 Discord                  Hex            9%         N/A       100%        8


Dungeon Overview and Level Annotations

Branches:
Dungeon (7/15)             Temple (1/1) D:7

Altars:
Cheibriados
Fedhas
Kikubaaqudgha
Ru
Uskayaw
Wu Jian
Xom
Yredelemnul
Zin


Innate Abilities, Weirdness & Mutations

You have very sharp teeth.
Your uncanny sense of smell can sniff out nearby items.
Your experience applies equally to all skills.


Message History

Press: ? - help, Q - select action, (/) - cycle Shift-Dir - straight line, f/p - wraith
Aim: a wraith (lightly damaged, 74% to hit)
The zap hits the wraith.
The wraith is moderately damaged.
The zap misses the wraith.
The wraith hits you! The wraith hits you but does no damage.
You hit the wraith but do no damage.
The wraith is moderately damaged.
You feel yourself speed up. The wraith hits you! The wraith hits you.
* * * LOW HITPOINT WARNING * * *
The wraith drains your vigour!
You feel yourself slow down. The wraith attacks as you move away!
The wraith hits you.
* * * LOW HITPOINT WARNING * * *
The wraith drains your vigour!
You feel as though you will be slow longer.
The wraith misses you. The wraith attacks as you move away!
The wraith hits you!
* * * LOW HITPOINT WARNING * * *
The wraith drains your vigour!
You feel as though you will be slow longer.
Magic courses through your body. The wraith completely misses you.
The wraith closely misses you.
Casting: Shock (safe; 1% risk of failure)
Confirm with . or Enter, or press ? or * to list all spells.
Aiming: Airstrike (dangerous; 8% risk of failure)
Press: ? - help, Dir - move target, f/p - wraith
Aim: a wraith (moderately damaged, empty space bonus: 2/8)
The air twists around and strikes the wraith.
The wraith is moderately damaged.
The wraith hits you but does no damage.
Casting: Airstrike (dangerous; 8% risk of failure)
Confirm with . or Enter, or press ? or * to list all spells.
Aiming: Airstrike (dangerous; 8% risk of failure)
Press: ? - help, Dir - move target, f/p - wraith
Aim: a wraith (moderately damaged, empty space bonus: 2/8)
The air twists around and strikes the wraith.
The wraith is heavily damaged.
The wraith hits you!
You die...

#†# ## ##.# #.# #.. ...# #†##
..# #..# #..# ..#.. #..# #..#
#..#.## #..# #..# ∆ #..... ..#
#..# #...## #.# #..### #.
#.####@# #....# #.##....W.#
##.#.# ## #..#.###### #.#.# #.
.#####...## #.#.# #. ........##
##...# ##.
######..##############....###..
##...........(........##..
###############.....#....
#.##...##...


You could see a wraith.

Vanquished Creatures
  A wraith (D:7)
  Menkaure (D:6)
  A water moccasin (D:6)
  Duvessa (D:7)
  An orc warrior (D:6)
  2 ice beasts
  An ogre (D:6)
  A phantom (D:7)
  A bullfrog (D:6)
  2 scorpions
  A necrophage (D:6)
  4 wights (D:7)
  Dowan (D:7)
  3 howler monkeys
  4 hounds
  5 orc priests
  3 iguanas
  2 orc wizards
  5 adders
  2 shadow imps
  A white imp (D:6)
  A worm (D:4)
  4 dart slugs
  21 orcs
  10 ball pythons
  3 endoplasms
  3 giant cockroaches
  6 goblins
  7 hobgoblins
  4 jackals (D:4)
  3 quokkas
  5 bats
  2 frilled lizards
  6 kobolds
  8 rats
126 creatures vanquished.

Notes
Turn   | Place    | Note
-------+----------+-------------------------------------------
     0 | D:1      | 101zpm the Gnoll Air Elementalist began the quest for the
                  | Orb.
     0 | D:1      | Reached XP level 1. HP: 13/13 MP: 6/6
   236 | D:1      | Reached XP level 2. HP: 19/19 MP: 5/7
   833 | D:2      | Reached XP level 3. HP: 25/25 MP: 7/9
   950 | D:2      | Found a faded altar of an unknown god.
   996 | D:2      | Reached skill level 5 in Spellcasting
  1075 | D:2      | Reached skill level 1 in Invocations
  1139 | D:2      | Reached skill level 1 in Fighting
  1139 | D:2      | Reached skill level 1 in Short Blades
  1139 | D:2      | Reached skill level 1 in Long Blades
  1139 | D:2      | Reached skill level 1 in Axes
  1139 | D:2      | Reached skill level 1 in Maces & Flails
  1139 | D:2      | Reached skill level 1 in Polearms
  1139 | D:2      | Reached skill level 1 in Staves
  1139 | D:2      | Reached skill level 1 in Slings
  1139 | D:2      | Reached skill level 1 in Bows
  1139 | D:2      | Reached skill level 1 in Crossbows
  1139 | D:2      | Reached skill level 1 in Throwing
  1139 | D:2      | Reached skill level 1 in Armour
  1139 | D:2      | Reached skill level 1 in Shields
  1139 | D:2      | Reached skill level 1 in Unarmed Combat
  1139 | D:2      | Reached skill level 1 in Evocations
  1518 | D:2      | Reached XP level 4. HP: 32/32 MP: 8/11
  2165 | D:2      | Learned a level 2 spell: Static Discharge
  2169 | D:2      | Learned a level 3 spell: Swiftness
  2174 | D:2      | Learned a level 4 spell: Airstrike
  2179 | D:3      | Reached skill level 1 in Hexes
  2179 | D:3      | Reached skill level 1 in Summonings
  2179 | D:3      | Reached skill level 1 in Necromancy
  2179 | D:3      | Reached skill level 1 in Translocations
  2179 | D:3      | Reached skill level 1 in Transmutations
  2179 | D:3      | Reached skill level 1 in Fire Magic
  2179 | D:3      | Reached skill level 1 in Ice Magic
  2179 | D:3      | Reached skill level 1 in Earth Magic
  2179 | D:3      | Reached skill level 1 in Poison Magic
  2249 | D:3      | Reached XP level 5. HP: 37/37 MP: 0/12
  3148 | D:3      | Found an ornate altar of the Wu Jian Council.
  3659 | D:4      | Reached XP level 6. HP: 38/44 MP: 5/13
  4545 | D:5      | Entered Level 5 of the Dungeon
  4554 | D:6      | Noticed Menkaure
  4867 | D:6      | Reached skill level 5 in Dodging
  5570 | D:6      | Reached XP level 7. HP: 38/50 MP: 2/15
  6055 | D:5      | Found a snail-covered altar of Cheibriados.
  6069 | D:5      | Found a sacrificial altar of Ru.
  6193 | D:5      | Found a glowing silver altar of Zin.
  6208 | D:5      | Found a shimmering altar of Xom.
  6233 | D:5      | Got Caif's Reference Book on Poisoning and Execration
  6270 | D:5      | Found a hide-covered altar of Uskayaw.
  6275 | D:5      | Found a blossoming altar of Fedhas.
  6326 | D:5      | Found a basalt altar of Yredelemnul.
  6327 | D:5      | Found an ancient bone altar of Kikubaaqudgha.
  6767 | D:6      | Reached skill level 5 in Stealth
  7421 | D:6      | Killed Menkaure
  7422 | D:6      | Reached XP level 8. HP: 58/58 MP: 7/16
  8792 | D:7      | Found a staircase to the Ecumenical Temple.
  8940 | D:7      | Reached XP level 9. HP: 65/65 MP: 0/18
  8953 | Temple   | Entered the Ecumenical Temple
  9238 | D:7      | Noticed Duvessa
  9238 | D:7      | Noticed Dowan
  9260 | D:7      | Killed Duvessa
  9261 | D:7      | Killed Dowan
  9624 | D:7      | Slain by a wraith

Illustrated notes

Levels and vault maps discovered:
D:1:      dpeg_arrival_more_subterranean_lakeside_camping, layout_rooms,
          kennysheep_pointless_box
D:2:      wad_river_or_something, layout_loops_ring,
          ebering_ecumenical_altar_sacrificial, item_on_display_a
D:3:      layout_basic, general_overflow_altar
D:4:      layout_basic, cheibrodos_sewer_entry_bend
D:5:      layout_rooms, zin_academy, mainiacjoe_overflow_24_doors,
          overflow_temple_1_default, lemuel_tele_altar,
          mainiacjoe_overflow_alcove_3
D:6:      layout_basic, uniq_menkaure
D:7:      layout_loops_ring, minmay_temple_entry_statues_pillars,
          serial_bayou_pond_d, minmay_misc_feat_chi, minmay_misc_feat_enclosed,
          minmay_guarded_unrand_finisher, uniq_duvessa
Temple:   jpeg_temple_island

Skill      XL: |  1  2  3  4  5  6  7  8  9 |
---------------+----------------------------+-----
Conjurations   | 2 3 4 |  4.0
Spellcasting   | 5 6 |  6.5
Invocations    | 1 2 3 4 |  4.5
Fighting       | 1 2 3 4 |  4.0
Short Blades   | 1 2 3 4 |  4.0
Long Blades    | 1 2 3 4 |  4.0
Axes           | 1 2 3 4 |  4.0
Maces & Flails | 1 2 3 4 |  4.0
Polearms       | 1 2 3 4 |  4.0
Staves         | 1 2 3 4 |  4.0
Slings         | 1 2 3 4 |  4.0
Bows           | 1 2 3 4 |  4.0
Crossbows      | 1 2 3 4 |  4.0
Throwing       | 1 2 3 4 |  4.0
Armour         | 1 2 3 4 |  4.0
Shields        | 1 2 3 4 |  4.0
Unarmed Combat | 1 2 3 4 |  4.0
Evocations     | 1 2 3 4 |  4.0
Hexes          | 1 2 3 |  3.3
Summonings     | 1 2 3 |  3.3
Necromancy     | 1 2 3 |  3.3
Translocations | 1 2 3 |  3.3
Transmutations | 1 2 3 |  3.3
Fire Magic     | 1 2 3 |  3.3
Ice Magic      | 1 2 3 |  3.3
Earth Magic    | 1 2 3 |  3.3
Poison Magic   | 1 2 3 |  3.3
Dodging        | 5 6 |  6.2
Stealth        | 5 |  5.9
Air Magic      | 6 |  6.4

Action                   |  1- 3 |  4- 6 |  7- 9 || total
-------------------------+-------+-------+-------++-------
Melee: Unarmed           |       |     1 |       ||     1
       Battleaxe         |       |       |    11 ||    11
       Bite              |       |       |     1 ||     1
 Cast: Shock             |    60 |   121 |    70 ||   251
       Airstrike         |       |    12 |    43 ||    55
  Use: Scroll            |       |     3 |     1 ||     4
       Potion            |       |       |     1 ||     1
Armor: Robe              |     1 |     3 |    10 ||    14
Dodge: Dodged            |     3 |    14 |    30 ||    47

Table legend: (Time is in decaauts)
 A = Elapsed time spent in this place.
 B = Non-inter-level travel time spent in this place.
 C = Inter-level travel time spent in this place.
 D = Time resting spent in this place.
 E = Time spent auto-exploring this place.
 F = Levels seen in this place.
 G = Mean time per level.
                   A        B        C        D        E       F      G
               +--------+--------+--------+--------+--------+-----+--------+
         Total |   9652 |   9354 |    298 |   3047 |   5533 |   8 | 1206.5 |
       Dungeon |   9548 |   9250 |    298 |   2944 |   5533 |   7 | 1364.0 |
        Temple |    104 |    104 |      0 |    103 |      0 |   1 |  104.0 |
               +--------+--------+--------+--------+--------+-----+--------+

Top non-repeatable levels by time:
     D:6: 2713 daAuts
     D:7: 1482 daAuts
     D:2: 1393 daAuts
     D:3: 1276 daAuts
     D:4: 1055 daAuts
     D:1: 834 daAuts
     D:5: 791 daAuts
  Temple: 104 daAuts
